[ AOE2 MATCH · #484455708 ]
Team RMPersians vs Huns
[ REPLAY ANALYSIS · EXTRACTED FROM THE RECORDED GAME ]
Feudal
—
Castle
—
Imperial
—
| APM avg | 14.5 |
| APM peak | 61 |
| eAPM avg | 11.3 |
| Villagers / military | 129 / 137 |
Focus
⚔️ 33.5% · 🌾 66.5%
Skirmisher ×62 · Knight ×37 · Spearman ×24 · Trade Cart ×14 · Bombard Cannon ×7 · Trebuchet (Packed) ×5
Feudal
17:04
Castle
25:35
Imperial
42:50
| APM avg | 29.0 |
| APM peak | 78 |
| eAPM avg | 10.9 |
| Villagers / military | 146 / 141 |
Focus
⚔️ 19.5% · 🌾 80.5%
Mameluke ×133 · Trebuchet (Packed) ×7 · Scout Cavalry ×1
Feudal
15:40
Castle
21:15
Imperial
40:49
| APM avg | 16.6 |
| APM peak | 39 |
| eAPM avg | 9.9 |
| Villagers / military | 142 / 390 |
Focus
⚔️ 40.7% · 🌾 59.3%
Cavalry Archer ×248 · Spearman ×131 · Battering Ram ×11
Feudal
17:18
Castle
21:50
Imperial
49:54
| APM avg | 24.6 |
| APM peak | 69 |
| eAPM avg | 12.7 |
| Villagers / military | 168 / 13 |
Focus
⚔️ 11.9% · 🌾 88.1%
Unknown (1949) ×19 · Battering Ram ×13
Feudal
14:44
Castle
26:17
Imperial
44:45
| APM avg | 14.1 |
| APM peak | 38 |
| eAPM avg | 10.9 |
| Villagers / military | 108 / 268 |
Focus
⚔️ 28.7% · 🌾 71.3%
Huskarl ×224 · Spearman ×26 · Militia ×15 · Trebuchet (Packed) ×3
Feudal
14:59
Castle
19:03
Imperial
35:57
| APM avg | 25.0 |
| APM peak | 67 |
| eAPM avg | 12.1 |
| Villagers / military | 86 / 230 |
Focus
⚔️ 19.7% · 🌾 80.3%
Spearman ×162 · Knight ×63 · Trebuchet (Packed) ×4 · Scout Cavalry ×1
Feudal
15:20
Castle
20:07
Imperial
39:20
| APM avg | 26.5 |
| APM peak | 58 |
| eAPM avg | 14.5 |
| Villagers / military | 145 / 218 |
Focus
⚔️ 40.6% · 🌾 59.4%
Knight ×214 · Spearman ×4
Feudal
14:59
Castle
22:30
Imperial
41:38
| APM avg | 9.6 |
| APM peak | 21 |
| eAPM avg | 8.9 |
| Villagers / military | 119 / 317 |
Focus
⚔️ 36.3% · 🌾 63.7%
Spearman ×203 · Konnik ×59 · Militia ×47 · Scorpion ×3 · Battering Ram ×2 · Trebuchet (Packed) ×2
Match map
Initial resources + every placement click. Lines = walls · curves = elevation contours. ◆ gold · ⬟ stone · ● berries · ✦ relic · ◌ wall gap
Your base· Open — 13t gap
魔幻蓝天's base· Open — unwalled flank
NY-judyelpesao's base· Open — 11t gap
NY-RADAMANTIZ's base· Open — unwalled flank
Viejo_Lobo_17's base· Open — unwalled flank
NY-HENRY's base· Open — unwalled flank
cihuncihome's base· Open — 8t gap
adriel.fe1123's base· Open — unwalled flank
Smoothed initial terrain · ◌ = detected wall gap · hover for details
Inputs per minute
— Arsaavedra23 - - 魔幻蓝天
Build order — Arsaavedra23
First 150 of 453 actions detected
| 1:24 | Build | Town Center |
| 3:14 | Build | House |
| 3:24 | Create | Villager (Male) |
| 3:24 | Create | Villager (Male) |
| 3:25 | Create | Villager (Male) |
| 3:25 | Create | Villager (Male) |
| 3:25 | Create | Villager (Male) |
| 4:50 | Create | Villager (Male) |
| 4:50 | Create | Villager (Male) |
| 5:56 | Create | Villager (Male) |
| 5:57 | Create | Villager (Male) |
| 6:13 | Build | House |
| 6:31 | Create | Villager (Male) |
| 7:25 | Create | Villager (Male) |
| 7:25 | Create | Villager (Male) |
| 7:25 | Create | Villager (Male) |
| 7:26 | Create | Villager (Male) |
| 7:43 | Create | Villager (Male) |
| 7:43 | Create | Villager (Male) |
| 8:13 | Build | House |
| 8:15 | Build | House |
| 8:16 | Build | House |
| 8:19 | Build | House |
| 8:23 | Build | House |
| 9:05 | Build | Mill |
| 9:10 | Create | Villager (Male) |
| 9:10 | Create | Villager (Male) |
| 9:11 | Create | Villager (Male) |
| 9:45 | Create | Villager (Male) |
| 9:45 | Create | Villager (Male) |
| 9:45 | Create | Villager (Male) |
| 9:45 | Create | Villager (Male) |
| 10:22 | Create | Villager (Male) |
| 10:58 | Create | Villager (Male) |
| 10:58 | Create | Villager (Male) |
| 10:58 | Create | Villager (Male) |
| 11:40 | Build | Barracks |
| 11:44 | Build | House |
| 11:45 | Build | House |
| 11:47 | Build | House |
| 12:58 | Research | Feudal Age |
| 13:07 | Build | Mining Camp |
| 13:23 | Build | Mill |
| 14:21 | Build | Mining Camp |
| 15:54 | Build | Stone Wall |
| 15:58 | Build | Gate |
| 16:19 | Build | Stone Wall |
| 16:24 | Build | Gate |
| 16:36 | Build | Market |
| 16:44 | Build | Blacksmith |
| 17:30 | Research | Castle Age |
| 18:40 | Build | Barracks |
| 19:08 | Build | Lumber Camp |
| 19:28 | Build | Farm |
| 19:40 | Research | Wheelbarrow |
| 19:42 | Create | Villager (Male) |
| 19:42 | Create | Villager (Male) |
| 19:42 | Create | Villager (Male) |
| 19:54 | Build | Farm |
| 19:55 | Build | Farm |
| 20:30 | Build | Town Center |
| 20:49 | Create | Villager (Male) |
| 20:49 | Create | Villager (Male) |
| 20:55 | Build | Farm |
| 21:29 | Build | Farm |
| 21:32 | Build | Farm |
| 22:03 | Create | Villager (Male) |
| 22:03 | Create | Villager (Male) |
| 22:04 | Create | Villager (Male) |
| 22:23 | Create | Villager (Male) |
| 22:53 | Build | Farm |
| 22:58 | Build | Farm |
| 23:01 | Build | Farm |
| 23:05 | Build | Farm |
| 23:08 | Build | Farm |
| 23:13 | Build | Farm |
| 23:15 | Create | Villager (Male) |
| 23:21 | Create | Villager (Male) |
| 23:29 | Research | Double-Bit Axe |
| 23:47 | Create | Villager (Male) |
| 23:52 | Create | Villager (Male) |
| 24:06 | Create | Villager (Male) |
| 24:15 | Create | Villager (Male) |
| 24:24 | Build | Farm |
| 24:29 | Build | Farm |
| 24:33 | Create | Villager (Male) |
| 24:38 | Create | Villager (Male) |
| 24:59 | Build | Stone Wall |
| 25:07 | Build | Stone Wall |
| 25:15 | Create | Villager (Male) |
| 25:15 | Create | Villager (Male) |
| 25:19 | Create | Villager (Male) |
| 25:20 | Create | Villager (Male) |
| 25:26 | Build | Farm |
| 25:29 | Build | Farm |
| 25:35 | Build | Farm |
| 25:44 | Build | Farm |
| 25:48 | Create | Villager (Male) |
| 25:48 | Create | Villager (Male) |
| 25:55 | Build | Monastery |
| 25:59 | Build | University |
| 26:05 | Create | Villager (Male) |
| 26:08 | Create | Villager (Male) |
| 26:09 | Create | Villager (Male) |
| 26:09 | Create | Villager (Male) |
| 26:19 | Create | Villager (Male) |
| 26:19 | Create | Villager (Male) |
| 26:20 | Create | Villager (Male) |
| 26:20 | Create | Villager (Male) |
| 26:30 | Research | Stone Mining |
| 26:44 | Research | Horse Collar |
| 26:51 | Create | Villager (Male) |
| 26:51 | Create | Villager (Male) |
| 26:52 | Create | Villager (Male) |
| 26:52 | Create | Villager (Male) |
| 27:10 | Build | Farm |
| 27:16 | Build | Farm |
| 27:23 | Build | Farm |
| 27:29 | Build | Farm |
| 27:33 | Create | Villager (Male) |
| 27:35 | Create | Villager (Male) |
| 27:36 | Create | Villager (Male) |
| 27:36 | Create | Villager (Male) |
| 27:42 | Create | Villager (Male) |
| 27:42 | Create | Villager (Male) |
| 27:53 | Build | Siege Workshop |
| 27:59 | Build | Barracks |
| 28:09 | Create | Villager (Male) |
| 28:09 | Create | Villager (Male) |
| 28:21 | Build | House |
| 28:22 | Build | House |
| 28:24 | Build | House |
| 28:25 | Build | House |
| 28:37 | Create | Villager (Male) |
| 28:37 | Create | Villager (Male) |
| 28:37 | Create | Villager (Male) |
| 28:37 | Create | Villager (Male) |
| 28:46 | Build | Farm |
| 28:50 | Build | Farm |
| 29:05 | Create | Monk |
| 29:06 | Create | Monk |
| 29:23 | Build | Stable |
| 29:27 | Build | Stable |
| 29:35 | Create | Villager (Male) |
| 29:35 | Create | Villager (Male) |
| 29:38 | Create | Villager (Male) |
| 29:38 | Create | Villager (Male) |
| 29:54 | Build | Mining Camp |
| 30:09 | Build | Castle |
| 30:50 | Research | Imperial Age |
Build order — 魔幻蓝天
First 150 of 368 actions detected
| 2:43 | Build | Town Center |
| 2:55 | Build | House |
| 2:57 | Build | House |
| 2:59 | Build | House |
| 3:41 | Build | House |
| 5:09 | Create | Villager (Male) |
| 5:09 | Create | Villager (Male) |
| 5:09 | Create | Villager (Male) |
| 5:10 | Create | Villager (Male) |
| 5:10 | Create | Villager (Male) |
| 6:34 | Create | Villager (Male) |
| 6:35 | Create | Villager (Male) |
| 7:14 | Create | Villager (Male) |
| 7:15 | Create | Villager (Male) |
| 7:26 | Create | Villager (Male) |
| 7:27 | Create | Villager (Male) |
| 7:54 | Create | Villager (Male) |
| 8:04 | Build | Mill |
| 8:23 | Create | Villager (Male) |
| 8:23 | Create | Villager (Male) |
| 9:02 | Create | Villager (Male) |
| 9:11 | Create | Villager (Male) |
| 10:14 | Create | Villager (Male) |
| 10:14 | Create | Villager (Male) |
| 10:15 | Create | Villager (Male) |
| 10:15 | Create | Villager (Male) |
| 10:15 | Create | Villager (Male) |
| 10:34 | Create | Villager (Male) |
| 11:15 | Create | Villager (Male) |
| 12:39 | Create | Villager (Male) |
| 13:22 | Create | Villager (Male) |
| 13:22 | Create | Villager (Male) |
| 13:23 | Create | Villager (Male) |
| 13:23 | Create | Villager (Male) |
| 13:47 | Build | Lumber Camp |
| 13:50 | Create | Villager (Male) |
| 14:02 | Create | Villager (Male) |
| 14:21 | Create | Villager (Male) |
| 14:39 | Build | Mill |
| 14:46 | Build | Mining Camp |
| 14:54 | Research | Feudal Age |
| 15:21 | Create | Villager (Male) |
| 15:21 | Create | Villager (Male) |
| 15:30 | Build | House |
| 15:31 | Build | House |
| 15:33 | Build | House |
| 16:13 | Build | House |
| 17:04 | Age | Feudal Age |
| 17:16 | Research | Horse Collar |
| 17:24 | Research | Double-Bit Axe |
| 17:30 | Build | Barracks |
| 17:35 | Build | Farm |
| 17:37 | Create | Villager (Male) |
| 17:37 | Create | Villager (Male) |
| 17:39 | Research | Stone Mining |
| 18:02 | Build | Farm |
| 18:04 | Create | Villager (Male) |
| 18:22 | Build | Farm |
| 18:23 | Create | Villager (Male) |
| 18:47 | Build | Farm |
| 18:51 | Create | Villager (Male) |
| 19:15 | Build | Stable |
| 19:24 | Build | Farm |
| 19:27 | Create | Villager (Male) |
| 19:50 | Build | Farm |
| 19:53 | Create | Villager (Male) |
| 20:04 | Build | Farm |
| 20:06 | Create | Villager (Male) |
| 20:15 | Create | Scout Cavalry |
| 20:39 | Build | Farm |
| 20:43 | Build | Farm |
| 20:46 | Build | Farm |
| 20:53 | Build | Farm |
| 21:12 | Create | Villager (Male) |
| 21:17 | Build | Farm |
| 21:21 | Build | Farm |
| 21:22 | Create | Villager (Male) |
| 21:23 | Create | Villager (Male) |
| 21:46 | Create | Villager (Male) |
| 21:55 | Build | Blacksmith |
| 22:35 | Research | Castle Age |
| 22:59 | Build | Farm |
| 23:05 | Build | Farm |
| 23:16 | Research | Gold Mining |
| 23:49 | Build | Market |
| 24:06 | Build | House |
| 24:07 | Build | House |
| 24:09 | Build | House |
| 24:36 | Create | Villager (Male) |
| 24:37 | Create | Villager (Male) |
| 24:37 | Create | Villager (Male) |
| 24:37 | Create | Villager (Male) |
| 25:35 | Age | Castle Age |
| 26:01 | Build | Town Center |
| 26:54 | Build | Town Center |
| 27:03 | Create | Villager (Male) |
| 27:27 | Build | Castle |
| 27:50 | Create | Villager (Male) |
| 27:51 | Create | Villager (Male) |
| 28:26 | Create | Villager (Male) |
| 28:26 | Create | Villager (Male) |
| 28:27 | Create | Villager (Male) |
| 28:33 | Create | Villager (Male) |
| 28:33 | Create | Villager (Male) |
| 28:33 | Create | Villager (Male) |
| 28:34 | Create | Villager (Male) |
| 28:34 | Create | Villager (Male) |
| 28:36 | Create | Villager (Male) |
| 28:37 | Create | Villager (Male) |
| 28:37 | Create | Villager (Male) |
| 28:38 | Create | Villager (Male) |
| 28:38 | Create | Villager (Male) |
| 28:38 | Create | Villager (Male) |
| 28:40 | Create | Villager (Male) |
| 28:40 | Create | Villager (Male) |
| 28:46 | Research | Bow Saw |
| 29:12 | Build | Mining Camp |
| 29:24 | Build | House |
| 29:26 | Build | House |
| 29:28 | Build | House |
| 29:29 | Build | House |
| 29:39 | Create | Mameluke |
| 29:39 | Create | Mameluke |
| 29:39 | Create | Mameluke |
| 29:40 | Create | Mameluke |
| 29:41 | Create | Villager (Male) |
| 29:42 | Create | Villager (Male) |
| 29:42 | Create | Villager (Male) |
| 29:52 | Build | Farm |
| 29:53 | Build | Farm |
| 29:55 | Build | Farm |
| 29:56 | Build | Farm |
| 30:00 | Build | Farm |
| 30:03 | Create | Villager (Male) |
| 30:15 | Research | Heavy Plow |
| 30:19 | Research | Gold Shaft Mining |
| 30:23 | Create | Mameluke |
| 30:26 | Research | Bloodlines |
| 30:27 | Research | Husbandry |
| 30:32 | Create | Villager (Male) |
| 30:33 | Create | Villager (Male) |
| 30:57 | Build | Mining Camp |
| 31:01 | Create | Mameluke |
| 31:09 | Build | House |
| 31:11 | Build | House |
| 31:12 | Build | House |
| 31:16 | Create | Villager (Male) |
| 31:17 | Create | Villager (Male) |
| 31:17 | Create | Villager (Male) |
| 31:17 | Create | Villager (Male) |
Build order — NY-judyelpesao
First 150 of 430 actions detected
| 0:28 | Build | Town Center |
| 3:01 | Create | Villager (Male) |
| 3:01 | Create | Villager (Male) |
| 3:01 | Create | Villager (Male) |
| 3:24 | Create | Villager (Male) |
| 3:24 | Create | Villager (Male) |
| 3:38 | Research | Loom |
| 4:24 | Create | Villager (Male) |
| 4:25 | Create | Villager (Male) |
| 5:06 | Create | Villager (Male) |
| 5:06 | Create | Villager (Male) |
| 5:27 | Create | Villager (Male) |
| 5:27 | Create | Villager (Male) |
| 5:58 | Create | Villager (Male) |
| 5:59 | Create | Villager (Male) |
| 6:31 | Build | Lumber Camp |
| 7:16 | Create | Villager (Male) |
| 7:16 | Create | Villager (Male) |
| 7:39 | Create | Villager (Male) |
| 7:39 | Create | Villager (Male) |
| 7:39 | Create | Villager (Male) |
| 7:42 | Create | Villager (Male) |
| 7:42 | Create | Villager (Male) |
| 8:20 | Build | Mill |
| 8:40 | Create | Villager (Male) |
| 9:10 | Create | Villager (Male) |
| 9:10 | Create | Villager (Male) |
| 9:27 | Create | Villager (Male) |
| 9:27 | Create | Villager (Male) |
| 9:27 | Create | Villager (Male) |
| 9:27 | Create | Villager (Male) |
| 10:22 | Build | Farm |
| 10:41 | Create | Villager (Male) |
| 11:30 | Create | Villager (Male) |
| 11:30 | Create | Villager (Male) |
| 11:58 | Build | Farm |
| 12:01 | Build | Farm |
| 12:09 | Build | Farm |
| 12:15 | Create | Villager (Male) |
| 12:15 | Create | Villager (Male) |
| 12:25 | Create | Villager (Male) |
| 12:47 | Build | Mining Camp |
| 13:29 | Research | Feudal Age |
| 13:40 | Build | Barracks |
| 15:40 | Age | Feudal Age |
| 15:47 | Build | Stone Wall |
| 15:51 | Create | Villager (Male) |
| 15:51 | Create | Villager (Male) |
| 16:00 | Build | Archery Range |
| 16:14 | Create | Villager (Male) |
| 16:15 | Create | Villager (Male) |
| 16:30 | Build | Stable |
| 16:34 | Create | Villager (Male) |
| 16:44 | Create | Spearman |
| 16:44 | Create | Spearman |
| 16:57 | Create | Spearman |
| 17:51 | Build | Mining Camp |
| 18:09 | Build | Stone Wall |
| 18:23 | Create | Spearman |
| 18:35 | Research | Castle Age |
| 18:56 | Research | Bloodlines |
| 19:01 | Create | Villager (Male) |
| 19:29 | Build | Stone Wall |
| 19:38 | Create | Villager (Male) |
| 19:39 | Create | Villager (Male) |
| 19:55 | Create | Villager (Male) |
| 19:55 | Create | Villager (Male) |
| 20:21 | Build | Stone Wall |
| 20:30 | Build | Stone Wall |
| 20:36 | Research | Double-Bit Axe |
| 20:54 | Create | Villager (Male) |
| 21:15 | Age | Castle Age |
| 21:17 | Create | Villager (Male) |
| 21:17 | Create | Villager (Male) |
| 21:18 | Create | Villager (Male) |
| 21:24 | Build | Town Center |
| 21:26 | Create | Villager (Male) |
| 21:26 | Create | Villager (Male) |
| 21:55 | Create | Villager (Male) |
| 21:55 | Create | Villager (Male) |
| 22:17 | Create | Villager (Male) |
| 22:39 | Build | Stone Wall |
| 22:42 | Create | Villager (Male) |
| 22:43 | Create | Villager (Male) |
| 22:55 | Build | Farm |
| 22:58 | Build | Farm |
| 23:01 | Build | Farm |
| 23:06 | Build | Farm |
| 23:08 | Build | Farm |
| 23:16 | Build | Farm |
| 23:22 | Create | Villager (Male) |
| 23:37 | Create | Cavalry Archer |
| 23:38 | Create | Cavalry Archer |
| 23:42 | Create | Cavalry Archer |
| 23:46 | Create | Villager (Male) |
| 23:46 | Create | Villager (Male) |
| 23:46 | Create | Villager (Male) |
| 23:57 | Build | Gate |
| 24:02 | Create | Villager (Male) |
| 24:03 | Create | Villager (Male) |
| 24:28 | Build | Gate |
| 24:44 | Build | Gate |
| 24:48 | Research | Wheelbarrow |
| 24:48 | Create | Villager (Male) |
| 24:49 | Create | Villager (Male) |
| 24:58 | Build | Town Center |
| 25:01 | Create | Villager (Male) |
| 25:02 | Create | Villager (Male) |
| 25:05 | Create | Cavalry Archer |
| 25:06 | Create | Cavalry Archer |
| 25:06 | Create | Cavalry Archer |
| 25:26 | Create | Villager (Male) |
| 25:26 | Create | Villager (Male) |
| 25:27 | Create | Villager (Male) |
| 25:33 | Build | Farm |
| 25:44 | Create | Cavalry Archer |
| 25:44 | Create | Cavalry Archer |
| 26:04 | Build | Farm |
| 26:11 | Create | Villager (Male) |
| 26:12 | Create | Villager (Male) |
| 26:12 | Create | Villager (Male) |
| 26:30 | Create | Cavalry Archer |
| 26:30 | Create | Cavalry Archer |
| 26:30 | Create | Cavalry Archer |
| 26:46 | Build | Mining Camp |
| 26:58 | Create | Villager (Male) |
| 26:58 | Create | Villager (Male) |
| 26:58 | Create | Villager (Male) |
| 26:58 | Create | Villager (Male) |
| 26:59 | Create | Villager (Male) |
| 27:03 | Build | Farm |
| 27:14 | Build | Mining Camp |
| 27:21 | Create | Villager (Male) |
| 27:21 | Create | Villager (Male) |
| 27:21 | Create | Villager (Male) |
| 27:22 | Create | Villager (Male) |
| 27:37 | Create | Villager (Male) |
| 27:37 | Create | Villager (Male) |
| 27:47 | Build | Town Center |
| 27:49 | Create | Villager (Male) |
| 27:49 | Create | Villager (Male) |
| 27:49 | Create | Villager (Male) |
| 27:56 | Create | Villager (Male) |
| 27:56 | Create | Villager (Male) |
| 28:20 | Build | Archery Range |
| 28:26 | Create | Villager (Male) |
| 28:27 | Create | Villager (Male) |
| 28:27 | Create | Villager (Male) |
| 28:27 | Create | Villager (Male) |
| 28:39 | Build | Mining Camp |
Build order — NY-RADAMANTIZ
First 150 of 342 actions detected
| 0:41 | Build | House |
| 0:42 | Build | House |
| 0:53 | Build | Town Center |
| 1:13 | Build | House |
| 1:14 | Build | House |
| 2:56 | Research | Loom |
| 2:56 | Create | Villager (Male) |
| 2:57 | Create | Villager (Male) |
| 2:57 | Create | Villager (Male) |
| 2:57 | Create | Villager (Male) |
| 2:58 | Create | Villager (Male) |
| 2:58 | Create | Villager (Male) |
| 5:08 | Build | Palisade Wall |
| 5:09 | Build | Palisade Wall |
| 5:19 | Create | Villager (Male) |
| 5:19 | Create | Villager (Male) |
| 5:20 | Create | Villager (Male) |
| 5:35 | Build | Mill |
| 5:43 | Build | House |
| 7:30 | Create | Villager (Male) |
| 7:59 | Create | Villager (Male) |
| 7:59 | Create | Villager (Male) |
| 8:02 | Create | Villager (Male) |
| 8:25 | Build | House |
| 8:34 | Create | Villager (Male) |
| 8:35 | Create | Villager (Male) |
| 9:09 | Create | Villager (Male) |
| 10:00 | Create | Villager (Male) |
| 10:00 | Create | Villager (Male) |
| 10:15 | Build | Mill |
| 10:17 | Create | Villager (Male) |
| 10:56 | Build | House |
| 11:23 | Create | Villager (Male) |
| 11:23 | Create | Villager (Male) |
| 11:23 | Create | Villager (Male) |
| 11:23 | Create | Villager (Male) |
| 11:24 | Create | Villager (Male) |
| 11:24 | Create | Villager (Male) |
| 11:52 | Create | Villager (Male) |
| 11:52 | Create | Villager (Male) |
| 11:52 | Create | Villager (Male) |
| 12:32 | Create | Villager (Male) |
| 13:26 | Create | Villager (Male) |
| 13:56 | Build | Barracks |
| 14:31 | Build | Lumber Camp |
| 14:52 | Build | Mining Camp |
| 14:58 | Build | House |
| 15:01 | Research | Feudal Age |
| 15:32 | Build | Palisade Wall |
| 17:14 | Create | Villager (Male) |
| 17:15 | Create | Villager (Male) |
| 17:18 | Age | Feudal Age |
| 17:24 | Build | Blacksmith |
| 17:40 | Build | Stable |
| 18:49 | Research | Double-Bit Axe |
| 18:49 | Research | Double-Bit Axe |
| 19:02 | Build | Mining Camp |
| 19:10 | Research | Castle Age |
| 19:11 | Research | Castle Age |
| 19:24 | Research | Stone Mining |
| 21:50 | Age | Castle Age |
| 21:52 | Create | Villager (Male) |
| 22:09 | Build | Town Center |
| 22:20 | Create | Villager (Male) |
| 22:20 | Create | Villager (Male) |
| 22:23 | Research | Bow Saw |
| 22:37 | Build | Town Center |
| 23:25 | Create | Villager (Male) |
| 23:45 | Create | Villager (Male) |
| 23:49 | Research | Horse Collar |
| 23:49 | Research | Horse Collar |
| 24:36 | Build | Farm |
| 24:38 | Build | Farm |
| 24:39 | Build | Farm |
| 24:40 | Build | Farm |
| 24:44 | Create | Villager (Male) |
| 24:44 | Create | Villager (Male) |
| 25:11 | Build | Outpost |
| 25:11 | Create | Villager (Male) |
| 25:14 | Build | Farm |
| 25:17 | Create | Villager (Male) |
| 25:23 | Build | Farm |
| 25:24 | Build | Farm |
| 25:26 | Build | Farm |
| 25:28 | Create | Villager (Male) |
| 25:28 | Create | Villager (Male) |
| 25:51 | Create | Villager (Male) |
| 26:08 | Create | Villager (Male) |
| 26:24 | Create | Villager (Male) |
| 26:25 | Create | Villager (Male) |
| 26:25 | Create | Villager (Male) |
| 26:53 | Build | Castle |
| 26:56 | Create | Villager (Male) |
| 27:13 | Build | House |
| 27:13 | Build | House |
| 27:14 | Build | House |
| 27:33 | Create | Villager (Male) |
| 27:34 | Create | Villager (Male) |
| 28:05 | Create | Unit 1949 |
| 28:06 | Create | Unit 1949 |
| 28:07 | Create | Unit 1949 |
| 28:32 | Build | Town Center |
| 28:34 | Create | Villager (Male) |
| 28:34 | Create | Villager (Male) |
| 28:54 | Create | Villager (Male) |
| 28:54 | Create | Villager (Male) |
| 28:55 | Create | Villager (Male) |
| 29:04 | Create | Unit 1949 |
| 29:04 | Create | Unit 1949 |
| 29:40 | Create | Villager (Male) |
| 29:40 | Create | Villager (Male) |
| 29:40 | Create | Villager (Male) |
| 29:52 | Build | Farm |
| 29:53 | Build | Farm |
| 29:53 | Build | Farm |
| 29:53 | Build | Farm |
| 29:53 | Build | Farm |
| 29:53 | Build | Farm |
| 29:54 | Build | Farm |
| 29:59 | Create | Unit 1949 |
| 29:59 | Create | Unit 1949 |
| 30:04 | Build | Blacksmith |
| 30:29 | Create | Villager (Male) |
| 30:41 | Build | Mill |
| 30:51 | Create | Villager (Male) |
| 31:00 | Build | Castle |
| 31:04 | Build | Mill |
| 31:11 | Create | Unit 1949 |
| 31:11 | Create | Unit 1949 |
| 31:12 | Create | Villager (Male) |
| 31:14 | Create | Villager (Male) |
| 31:14 | Create | Villager (Male) |
| 31:24 | Build | Farm |
| 31:24 | Build | Farm |
| 31:24 | Build | Farm |
| 31:25 | Build | Farm |
| 31:25 | Build | Farm |
| 31:25 | Build | Farm |
| 31:43 | Create | Villager (Male) |
| 31:43 | Create | Villager (Male) |
| 31:50 | Research | Scale Barding Armor |
| 32:08 | Create | Villager (Male) |
| 32:09 | Create | Villager (Male) |
| 32:18 | Create | Unit 1949 |
| 32:36 | Build | Farm |
| 32:46 | Create | Villager (Male) |
| 32:46 | Create | Villager (Male) |
| 32:50 | Create | Villager (Male) |
| 32:50 | Create | Villager (Male) |
| 32:50 | Create | Villager (Male) |
Build order — Viejo_Lobo_17
First 150 of 375 actions detected
| 1:32 | Build | Town Center |
| 2:56 | Build | House |
| 3:50 | Create | Villager (Male) |
| 3:51 | Create | Villager (Male) |
| 3:52 | Create | Villager (Male) |
| 3:52 | Create | Villager (Male) |
| 4:40 | Research | Loom |
| 4:44 | Create | Villager (Male) |
| 4:55 | Create | Villager (Male) |
| 5:35 | Build | House |
| 6:15 | Create | Villager (Male) |
| 6:15 | Create | Villager (Male) |
| 6:15 | Create | Villager (Male) |
| 6:21 | Build | Lumber Camp |
| 6:29 | Build | House |
| 6:56 | Build | House |
| 7:01 | Create | Villager (Male) |
| 7:43 | Create | Villager (Male) |
| 7:44 | Create | Villager (Male) |
| 8:44 | Create | Villager (Male) |
| 9:11 | Create | Villager (Male) |
| 9:12 | Create | Villager (Male) |
| 9:15 | Create | Villager (Male) |
| 9:30 | Build | Mill |
| 10:00 | Create | Villager (Male) |
| 10:00 | Create | Villager (Male) |
| 10:54 | Create | Villager (Male) |
| 10:58 | Create | Villager (Male) |
| 10:58 | Create | Villager (Male) |
| 12:12 | Build | Mining Camp |
| 12:34 | Research | Feudal Age |
| 13:04 | Build | House |
| 13:06 | Build | House |
| 13:59 | Create | Villager (Male) |
| 14:12 | Build | Barracks |
| 14:44 | Age | Feudal Age |
| 14:46 | Research | Man-at-Arms (upgrade) |
| 14:48 | Create | Militia |
| 14:48 | Create | Militia |
| 14:50 | Create | Spearman |
| 14:51 | Create | Militia |
| 14:52 | Create | Spearman |
| 15:10 | Build | Blacksmith |
| 15:16 | Create | Villager (Male) |
| 15:18 | Create | Villager (Male) |
| 15:20 | Create | Villager (Male) |
| 16:12 | Create | Militia |
| 16:14 | Create | Spearman |
| 16:18 | Create | Villager (Male) |
| 16:28 | Build | Mill |
| 17:01 | Create | Militia |
| 17:01 | Create | Spearman |
| 17:26 | Create | Villager (Male) |
| 17:27 | Create | Villager (Male) |
| 17:27 | Create | Villager (Male) |
| 19:10 | Build | House |
| 20:05 | Build | Farm |
| 20:15 | Build | Farm |
| 20:15 | Build | Farm |
| 20:22 | Build | Mill |
| 21:00 | Build | Farm |
| 21:01 | Build | Farm |
| 21:03 | Build | Farm |
| 21:06 | Build | Farm |
| 21:58 | Build | Market |
| 22:05 | Research | Forging |
| 22:05 | Research | Scale Mail Armor |
| 23:37 | Research | Castle Age |
| 23:41 | Create | Militia |
| 23:41 | Create | Militia |
| 23:41 | Create | Militia |
| 23:41 | Create | Militia |
| 23:42 | Create | Militia |
| 23:42 | Create | Militia |
| 23:43 | Create | Militia |
| 25:26 | Build | Farm |
| 25:27 | Build | Farm |
| 25:28 | Build | Farm |
| 25:28 | Build | Farm |
| 25:29 | Build | Farm |
| 25:29 | Build | Farm |
| 25:29 | Build | Farm |
| 25:32 | Build | Farm |
| 26:17 | Age | Castle Age |
| 26:58 | Create | Militia |
| 26:58 | Create | Militia |
| 26:58 | Create | Militia |
| 27:02 | Build | House |
| 27:04 | Build | House |
| 27:04 | Build | House |
| 27:05 | Build | House |
| 27:12 | Build | House |
| 27:12 | Build | House |
| 27:24 | Research | Wheelbarrow |
| 27:25 | Create | Villager (Male) |
| 27:25 | Create | Villager (Male) |
| 27:26 | Create | Villager (Male) |
| 27:26 | Create | Villager (Male) |
| 27:27 | Create | Villager (Male) |
| 27:31 | Build | Town Center |
| 27:38 | Create | Villager (Male) |
| 27:39 | Create | Villager (Male) |
| 27:39 | Create | Villager (Male) |
| 27:39 | Create | Villager (Male) |
| 27:40 | Create | Villager (Male) |
| 27:41 | Create | Villager (Male) |
| 27:42 | Create | Villager (Male) |
| 27:48 | Build | Town Center |
| 28:23 | Research | Squires |
| 29:13 | Research | Pikeman (upgrade) |
| 29:17 | Create | Villager (Male) |
| 29:18 | Create | Villager (Male) |
| 29:18 | Create | Villager (Male) |
| 29:18 | Create | Villager (Male) |
| 30:08 | Create | Spearman ×5 |
| 30:13 | Create | Villager (Male) |
| 30:14 | Create | Villager (Male) |
| 30:14 | Create | Villager (Male) |
| 30:34 | Create | Villager (Male) |
| 30:34 | Create | Villager (Male) |
| 30:34 | Create | Villager (Male) |
| 30:46 | Create | Spearman |
| 31:21 | Research | Horse Collar |
| 31:59 | Build | Farm |
| 32:01 | Build | Farm |
| 32:03 | Build | Farm |
| 32:08 | Create | Villager (Male) |
| 32:08 | Create | Villager (Male) |
| 32:08 | Create | Villager (Male) |
| 32:08 | Create | Villager (Male) |
| 32:09 | Create | Villager (Male) |
| 32:17 | Create | Villager (Male) |
| 32:17 | Create | Villager (Male) |
| 32:32 | Create | Villager (Male) |
| 32:33 | Create | Villager (Male) |
| 33:16 | Research | Long Swordsman (upgrade) |
| 34:46 | Build | Castle |
| 34:59 | Build | House |
| 35:00 | Build | House |
| 35:06 | Build | House |
| 35:10 | Build | House |
| 36:33 | Build | Mining Camp |
| 36:51 | Create | Villager (Male) |
| 36:51 | Create | Villager (Male) |
| 36:52 | Create | Villager (Male) |
| 36:52 | Create | Villager (Male) |
| 36:52 | Create | Villager (Male) |
| 37:24 | Build | Farm |
| 37:28 | Build | Farm |
| 37:30 | Build | Farm |
Build order — NY-HENRY
First 150 of 288 actions detected
| 0:26 | Build | Town Center |
| 2:17 | Build | House |
| 2:40 | Research | Loom |
| 2:40 | Research | Loom |
| 2:40 | Create | Villager (Male) |
| 2:41 | Create | Villager (Male) |
| 2:41 | Create | Villager (Male) |
| 2:41 | Create | Villager (Male) |
| 2:58 | Build | House |
| 2:59 | Build | House |
| 4:03 | Build | House |
| 4:12 | Create | Villager (Male) |
| 4:12 | Create | Villager (Male) |
| 4:29 | Create | Villager (Male) |
| 4:44 | Build | House |
| 4:47 | Create | Villager (Male) |
| 5:19 | Create | Villager (Male) |
| 5:19 | Create | Villager (Male) |
| 5:55 | Create | Villager (Male) |
| 5:55 | Create | Villager (Male) |
| 5:55 | Create | Villager (Male) |
| 6:21 | Create | Villager (Male) |
| 6:21 | Create | Villager (Male) |
| 6:39 | Build | Lumber Camp |
| 8:32 | Create | Villager (Male) |
| 8:33 | Create | Villager (Male) |
| 8:33 | Create | Villager (Male) |
| 8:33 | Create | Villager (Male) |
| 9:06 | Create | Villager (Male) |
| 9:06 | Create | Villager (Male) |
| 9:38 | Create | Villager (Male) |
| 9:38 | Create | Villager (Male) |
| 9:38 | Create | Villager (Male) |
| 9:39 | Create | Villager (Male) |
| 10:19 | Build | Mining Camp |
| 11:51 | Research | Feudal Age |
| 12:39 | Build | Mill |
| 12:49 | Research | Feudal Age |
| 13:17 | Build | Mill |
| 14:58 | Create | Villager (Male) |
| 14:58 | Create | Villager (Male) |
| 14:58 | Create | Villager (Male) |
| 14:59 | Age | Feudal Age |
| 15:05 | Build | Market |
| 15:09 | Build | Blacksmith |
| 16:23 | Research | Castle Age |
| 17:20 | Research | Wheelbarrow |
| 19:03 | Age | Castle Age |
| 19:10 | Build | Town Center |
| 19:26 | Build | Town Center |
| 19:29 | Create | Villager (Male) |
| 19:30 | Create | Villager (Male) |
| 19:30 | Create | Villager (Male) |
| 20:19 | Create | Villager (Male) |
| 20:29 | Create | Villager (Male) |
| 20:30 | Create | Villager (Male) |
| 20:30 | Create | Villager (Male) |
| 20:50 | Build | Barracks |
| 21:25 | Research | Scale Barding Armor |
| 21:26 | Research | Forging |
| 22:05 | Build | Stable |
| 22:10 | Research | Chain Barding Armor |
| 22:49 | Research | Bloodlines |
| 23:11 | Create | Villager (Male) |
| 23:11 | Create | Villager (Male) |
| 23:13 | Create | Villager (Male) |
| 23:13 | Create | Villager (Male) |
| 23:40 | Build | Farm |
| 23:46 | Create | Knight |
| 23:46 | Create | Knight |
| 24:00 | Build | Farm |
| 24:01 | Build | Farm |
| 24:07 | Create | Knight |
| 24:07 | Create | Knight |
| 24:10 | Create | Villager (Male) |
| 24:10 | Create | Villager (Male) |
| 24:11 | Create | Villager (Male) |
| 24:11 | Create | Villager (Male) |
| 24:11 | Create | Villager (Male) |
| 24:11 | Create | Villager (Male) |
| 24:12 | Create | Villager (Male) |
| 24:12 | Create | Villager (Male) |
| 24:21 | Build | House |
| 24:21 | Build | House |
| 24:21 | Build | House |
| 24:22 | Build | House |
| 24:22 | Build | House |
| 24:24 | Build | House |
| 24:36 | Build | House |
| 24:42 | Create | Villager (Male) |
| 24:43 | Create | Villager (Male) |
| 24:53 | Create | Knight |
| 25:09 | Build | Mining Camp |
| 25:15 | Create | Knight |
| 25:15 | Create | Knight |
| 25:17 | Create | Villager (Male) |
| 25:17 | Create | Villager (Male) |
| 25:18 | Create | Villager (Male) |
| 25:33 | Build | House |
| 25:33 | Build | House |
| 25:41 | Create | Scout Cavalry |
| 25:44 | Create | Knight |
| 25:52 | Create | Knight |
| 26:23 | Create | Villager (Male) |
| 26:23 | Create | Villager (Male) |
| 26:24 | Create | Villager (Male) |
| 26:55 | Build | Stable |
| 27:15 | Create | Villager (Male) |
| 27:15 | Create | Villager (Male) |
| 27:15 | Create | Villager (Male) |
| 27:37 | Research | Double-Bit Axe |
| 27:40 | Create | Knight ×2 |
| 27:41 | Create | Knight ×2 |
| 27:50 | Build | Farm |
| 27:51 | Build | Farm |
| 27:55 | Build | Farm |
| 27:56 | Create | Villager (Male) |
| 28:24 | Build | Mill |
| 28:26 | Create | Villager (Male) |
| 28:33 | Build | Farm |
| 28:52 | Build | House |
| 28:58 | Create | Knight ×2 |
| 29:06 | Build | Farm |
| 29:10 | Build | Farm |
| 29:15 | Build | Farm |
| 29:44 | Build | Monastery |
| 30:11 | Create | Knight ×5 |
| 30:11 | Create | Knight ×5 |
| 30:11 | Create | Knight ×5 |
| 30:33 | Build | Mill |
| 30:56 | Research | Bow Saw |
| 31:44 | Create | Villager (Male) |
| 31:45 | Create | Villager (Male) |
| 31:45 | Create | Villager (Male) |
| 31:45 | Create | Villager (Male) |
| 32:09 | Build | University |
| 32:29 | Build | House |
| 32:47 | Research | Imperial Age |
| 33:35 | Build | Mining Camp |
| 33:48 | Research | Iron Casting |
| 33:59 | Build | Farm |
| 34:12 | Build | Castle |
| 34:24 | Create | Knight |
| 34:55 | Build | Mining Camp |
| 35:00 | Research | Gold Mining |
| 35:22 | Build | Mining Camp |
| 35:37 | Create | Knight ×5 |
| 35:37 | Create | Knight ×5 |
| 35:37 | Create | Knight ×2 |
| 35:57 | Age | Imperial Age |
Build order — cihuncihome
First 150 of 548 actions detected
| 0:39 | Build | Town Center |
| 3:14 | Create | Villager (Male) |
| 3:14 | Create | Villager (Male) |
| 3:17 | Build | House |
| 3:45 | Create | Villager (Male) |
| 3:45 | Create | Villager (Male) |
| 3:46 | Create | Villager (Male) |
| 4:25 | Create | Villager (Male) |
| 4:35 | Build | House |
| 5:17 | Create | Villager (Male) |
| 5:18 | Create | Villager (Male) |
| 5:42 | Research | Loom |
| 6:08 | Create | Villager (Male) |
| 6:08 | Create | Villager (Male) |
| 7:04 | Create | Villager (Male) |
| 7:05 | Create | Villager (Male) |
| 7:05 | Create | Villager (Male) |
| 7:17 | Build | House |
| 7:33 | Create | Villager (Male) |
| 7:33 | Create | Villager (Male) |
| 7:33 | Create | Villager (Male) |
| 7:34 | Create | Villager (Male) |
| 7:50 | Create | Villager (Male) |
| 8:26 | Create | Villager (Male) |
| 8:46 | Create | Villager (Male) |
| 9:03 | Create | Villager (Male) |
| 9:38 | Build | House |
| 10:03 | Create | Villager (Male) |
| 10:23 | Create | Villager (Male) |
| 10:48 | Create | Villager (Male) |
| 11:06 | Create | Villager (Male) |
| 11:14 | Build | Mining Camp |
| 11:55 | Create | Villager (Male) |
| 12:04 | Build | Lumber Camp |
| 12:17 | Create | Villager (Male) |
| 12:31 | Build | House |
| 12:41 | Create | Villager (Male) |
| 12:56 | Research | Feudal Age |
| 13:51 | Build | Mill |
| 14:23 | Build | Farm |
| 14:31 | Build | Farm |
| 14:39 | Build | Mill |
| 15:01 | Build | Barracks |
| 15:20 | Age | Feudal Age |
| 15:22 | Create | Villager (Male) |
| 15:23 | Create | Villager (Male) |
| 15:43 | Create | Villager (Male) |
| 16:05 | Build | Stable |
| 16:13 | Create | Villager (Male) |
| 16:24 | Create | Spearman |
| 16:31 | Build | Blacksmith |
| 16:57 | Research | Town Watch |
| 17:16 | Build | Palisade Wall |
| 17:21 | Create | Villager (Male) |
| 17:25 | Research | Castle Age |
| 17:39 | Create | Spearman |
| 17:50 | Build | House |
| 17:52 | Build | House |
| 18:13 | Research | Double-Bit Axe |
| 18:25 | Create | Spearman |
| 18:38 | Build | House |
| 18:45 | Build | House |
| 18:58 | Build | Palisade Wall |
| 19:30 | Create | Villager (Male) |
| 19:43 | Build | House |
| 19:52 | Build | House |
| 19:53 | Build | House |
| 19:56 | Create | Villager (Male) |
| 20:05 | Create | Villager (Male) |
| 20:07 | Age | Castle Age |
| 20:11 | Build | Town Center |
| 20:17 | Build | Town Center |
| 20:22 | Create | Villager (Male) |
| 20:34 | Build | House |
| 20:42 | Research | Squires |
| 21:07 | Build | Palisade Wall |
| 21:16 | Build | House |
| 21:32 | Create | Villager (Male) |
| 21:32 | Create | Villager (Male) |
| 21:39 | Build | House |
| 21:44 | Create | Villager (Male) |
| 21:45 | Create | Villager (Male) |
| 21:49 | Create | Villager (Male) |
| 21:51 | Create | Villager (Male) |
| 22:00 | Create | Villager (Male) |
| 22:00 | Create | Villager (Male) |
| 22:09 | Create | Spearman |
| 22:16 | Build | Palisade Wall |
| 22:56 | Build | Palisade Gate |
| 23:12 | Build | Palisade Wall |
| 23:15 | Create | Villager (Male) |
| 23:20 | Build | Farm |
| 23:21 | Build | Farm |
| 23:23 | Build | Farm |
| 23:25 | Build | Farm |
| 23:26 | Create | Villager (Male) |
| 23:27 | Create | Villager (Male) |
| 23:28 | Build | Farm |
| 23:29 | Build | Farm |
| 23:31 | Build | Farm |
| 23:32 | Create | Villager (Male) |
| 23:33 | Create | Villager (Male) |
| 23:35 | Research | Bow Saw |
| 23:37 | Create | Villager (Male) |
| 23:41 | Build | Farm |
| 23:42 | Build | Farm |
| 23:45 | Create | Villager (Male) |
| 23:45 | Create | Villager (Male) |
| 23:51 | Create | Villager (Male) |
| 23:57 | Create | Villager (Male) |
| 24:14 | Build | Palisade Wall |
| 24:21 | Build | Farm |
| 24:22 | Build | Farm |
| 24:31 | Build | Farm |
| 24:35 | Build | House |
| 24:37 | Build | House |
| 24:39 | Build | House |
| 24:43 | Research | Gold Mining |
| 24:46 | Create | Villager (Male) |
| 24:51 | Build | Mining Camp |
| 25:03 | Create | Villager (Male) |
| 25:04 | Create | Villager (Male) |
| 25:05 | Create | Villager (Male) |
| 25:08 | Create | Villager (Male) |
| 25:15 | Build | Farm |
| 25:18 | Create | Knight |
| 25:36 | Create | Villager (Male) |
| 25:38 | Create | Villager (Male) |
| 25:43 | Build | Farm |
| 25:45 | Build | Farm |
| 25:49 | Create | Villager (Male) |
| 25:51 | Create | Villager (Male) |
| 26:03 | Build | Mining Camp |
| 26:07 | Build | Stone Wall |
| 26:17 | Build | House |
| 26:18 | Build | House |
| 26:19 | Create | Villager (Male) |
| 26:25 | Build | Farm |
| 26:28 | Build | Mill |
| 26:33 | Create | Knight |
| 26:34 | Create | Knight |
| 26:46 | Build | Stable |
| 26:49 | Create | Knight |
| 26:54 | Create | Villager (Male) |
| 26:59 | Build | House |
| 27:00 | Create | Villager (Male) |
| 27:00 | Create | Villager (Male) |
| 27:08 | Create | Villager (Male) |
| 27:08 | Create | Villager (Male) |
| 27:14 | Create | Villager (Male) |
Build order — adriel.fe1123
First 150 of 361 actions detected
| 0:48 | Build | Town Center |
| 2:40 | Build | House |
| 3:13 | Research | Loom |
| 3:14 | Create | Villager (Male) |
| 3:14 | Create | Villager (Male) |
| 3:15 | Create | Villager (Male) |
| 3:15 | Create | Villager (Male) |
| 3:42 | Build | Mill |
| 4:19 | Build | House |
| 4:38 | Create | Villager (Male) |
| 4:38 | Create | Villager (Male) |
| 5:12 | Build | House |
| 5:18 | Create | Villager (Male) |
| 5:46 | Build | House |
| 5:55 | Create | Villager (Male) |
| 5:55 | Create | Villager (Male) |
| 6:36 | Create | Villager (Male) |
| 6:36 | Create | Villager (Male) |
| 6:37 | Create | Villager (Male) |
| 6:52 | Create | Villager (Male) |
| 6:52 | Create | Villager (Male) |
| 7:22 | Create | Villager (Male) |
| 7:23 | Create | Villager (Male) |
| 7:56 | Create | Villager (Male) |
| 7:56 | Create | Villager (Male) |
| 8:30 | Create | Villager (Male) |
| 8:47 | Create | Villager (Male) |
| 8:47 | Create | Villager (Male) |
| 8:47 | Create | Villager (Male) |
| 9:15 | Create | Villager (Male) |
| 9:15 | Create | Villager (Male) |
| 9:27 | Create | Villager (Male) |
| 9:27 | Create | Villager (Male) |
| 10:36 | Create | Villager (Male) |
| 10:36 | Create | Villager (Male) |
| 11:29 | Build | Mining Camp |
| 11:49 | Create | Villager (Male) |
| 12:04 | Create | Villager (Male) |
| 12:21 | Research | Feudal Age |
| 12:49 | Build | Barracks |
| 13:24 | Build | House |
| 13:31 | Build | House |
| 13:40 | Create | Villager (Male) |
| 13:40 | Create | Villager (Male) |
| 14:53 | Create | Villager (Male) |
| 14:59 | Age | Feudal Age |
| 15:09 | Build | Blacksmith |
| 15:53 | Create | Villager (Male) |
| 16:23 | Build | Lumber Camp |
| 16:37 | Create | Villager (Male) |
| 16:37 | Create | Villager (Male) |
| 16:54 | Build | Mill |
| 17:11 | Create | Villager (Male) |
| 17:46 | Create | Villager (Male) |
| 18:12 | Build | Market |
| 18:27 | Build | House |
| 18:29 | Build | House |
| 18:35 | Create | Villager (Male) |
| 18:36 | Create | Villager (Male) |
| 18:43 | Research | Double-Bit Axe |
| 19:11 | Research | Wheelbarrow |
| 19:20 | Create | Villager (Male) |
| 19:42 | Research | Castle Age |
| 20:29 | Research | Arson |
| 21:31 | Build | Farm |
| 21:33 | Build | Farm |
| 21:36 | Build | Farm |
| 21:38 | Build | Farm |
| 21:41 | Build | Farm |
| 21:52 | Create | Villager (Male) |
| 21:52 | Create | Villager (Male) |
| 21:53 | Create | Villager (Male) |
| 22:30 | Age | Castle Age |
| 22:39 | Build | Town Center |
| 22:54 | Build | Krepost |
| 23:01 | Research | Horse Collar |
| 23:16 | Create | Villager (Male) |
| 23:16 | Create | Villager (Male) |
| 23:37 | Build | Stone Wall |
| 23:41 | Build | Stone Wall |
| 23:48 | Research | Pikeman (upgrade) |
| 23:54 | Create | Villager (Male) |
| 23:55 | Create | Villager (Male) |
| 24:19 | Build | Farm |
| 24:20 | Build | Farm |
| 24:22 | Build | Farm |
| 24:25 | Build | Farm |
| 24:27 | Build | Farm |
| 24:28 | Build | Farm |
| 24:32 | Create | Villager (Male) |
| 24:32 | Create | Villager (Male) |
| 24:32 | Create | Villager (Male) |
| 24:59 | Build | Town Center |
| 25:07 | Create | Villager (Male) |
| 25:07 | Create | Villager (Male) |
| 25:54 | Build | Krepost |
| 26:02 | Build | Stone Wall |
| 26:20 | Build | Krepost |
| 26:40 | Build | Mining Camp |
| 26:45 | Create | Villager (Male) |
| 26:45 | Create | Villager (Male) |
| 26:46 | Create | Villager (Male) |
| 26:46 | Create | Villager (Male) |
| 26:46 | Create | Villager (Male) |
| 26:55 | Research | Bow Saw |
| 26:59 | Create | Villager (Male) |
| 27:31 | Build | Stone Wall |
| 27:54 | Build | Farm |
| 28:03 | Build | Farm |
| 28:05 | Build | Farm |
| 28:15 | Create | Konnik ×5 |
| 28:15 | Create | Konnik ×5 |
| 28:28 | Build | Stone Wall |
| 28:43 | Create | Villager (Male) |
| 28:43 | Create | Villager (Male) |
| 28:43 | Create | Villager (Male) |
| 28:55 | Build | Farm |
| 28:56 | Build | Farm |
| 29:04 | Build | Farm |
| 29:15 | Create | Villager (Male) |
| 29:15 | Create | Villager (Male) |
| 29:15 | Create | Villager (Male) |
| 29:21 | Create | Villager (Male) |
| 29:21 | Create | Villager (Male) |
| 29:22 | Create | Villager (Male) |
| 29:49 | Build | Stone Wall |
| 30:11 | Research | Heavy Plow |
| 30:19 | Build | Farm |
| 30:21 | Build | Farm |
| 30:23 | Build | Farm |
| 30:25 | Build | Farm |
| 30:38 | Create | Villager (Male) |
| 30:39 | Create | Villager (Male) |
| 30:39 | Create | Villager (Male) |
| 30:46 | Research | Wheelbarrow |
| 30:51 | Create | Villager (Male) ×4 |
| 31:03 | Build | Farm |
| 31:11 | Build | Farm |
| 31:18 | Build | Farm |
| 31:29 | Build | Farm |
| 31:40 | Build | Farm |
| 31:50 | Build | Stone Wall |
| 32:30 | Build | Stone Wall |
| 32:36 | Build | Mining Camp |
| 32:46 | Research | Hand Cart |
| 32:47 | Create | Villager (Male) |
| 32:47 | Create | Villager (Male) |
| 32:58 | Build | Lumber Camp |
| 33:02 | Create | Villager (Male) |
| 33:02 | Create | Villager (Male) |
Match timeline
| 5:08 | NY-RADAMANTIZ · wall_segment Palisade Wall x1 |
| 5:09 | NY-RADAMANTIZ · wall_segment Palisade Wall x1 |
| 11:40 | Arsaavedra23 · first_building Barracks |
| 12:49 | adriel.fe1123 · first_building Barracks |
| 13:40 | NY-judyelpesao · first_building Barracks |
| 13:56 | NY-RADAMANTIZ · first_building Barracks |
| 14:12 | Viejo_Lobo_17 · first_building Barracks |
| 14:44 | Viejo_Lobo_17 · age_up feudal |
| 14:59 | adriel.fe1123 · age_up feudal |
| 14:59 | NY-HENRY · age_up feudal |
| 15:01 | cihuncihome · first_building Barracks |
| 15:20 | cihuncihome · age_up feudal |
| 15:32 | NY-RADAMANTIZ · wall_segment Palisade Wall x8 |
| 15:40 | NY-judyelpesao · age_up feudal |
| 15:47 | NY-judyelpesao · wall_segment Stone Wall x12 |
| 15:54 | Arsaavedra23 · wall_segment Stone Wall x9 |
| 16:00 | NY-judyelpesao · first_building Archery Range |
| 16:05 | cihuncihome · first_building Stable |
| 16:19 | Arsaavedra23 · wall_segment Stone Wall x20 |
| 16:30 | NY-judyelpesao · first_building Stable |
| 17:04 | 魔幻蓝天 · age_up feudal |
| 17:16 | cihuncihome · wall_segment Palisade Wall x22 |
| 17:18 | NY-RADAMANTIZ · age_up feudal |
| 17:30 | 魔幻蓝天 · first_building Barracks |
| 17:40 | NY-RADAMANTIZ · first_building Stable |
| 18:09 | NY-judyelpesao · wall_segment Stone Wall x8 |
| 18:58 | cihuncihome · wall_segment Palisade Wall x3 |
| 19:03 | NY-HENRY · age_up castle |
| 19:15 | 魔幻蓝天 · first_building Stable |
| 19:29 | NY-judyelpesao · wall_segment Stone Wall x14 |
| 19:36 | NY-HENRY · first_market_buy 100 wood |
| 20:07 | cihuncihome · age_up castle |
| 20:15 | Arsaavedra23 · first_market_buy 100 wood |
| 20:21 | NY-judyelpesao · wall_segment Stone Wall x12 |
| 20:30 | NY-judyelpesao · wall_segment Stone Wall x6 |
| 20:50 | NY-HENRY · first_building Barracks |
| 21:07 | cihuncihome · wall_segment Palisade Wall x20 |
| 21:15 | NY-judyelpesao · age_up castle |
| 21:50 | NY-RADAMANTIZ · age_up castle |
| 22:05 | NY-HENRY · first_building Stable |
| 22:16 | cihuncihome · wall_segment Palisade Wall x7 |
| 22:30 | adriel.fe1123 · age_up castle |
| 22:39 | NY-judyelpesao · wall_segment Stone Wall x3 |
| 22:54 | adriel.fe1123 · first_building Krepost |
| 23:12 | cihuncihome · wall_segment Palisade Wall x8 |
| 23:37 | adriel.fe1123 · wall_segment Stone Wall x3 |
| 23:41 | adriel.fe1123 · wall_segment Stone Wall x8 |
| 24:14 | cihuncihome · wall_segment Palisade Wall x1 |
| 24:59 | Arsaavedra23 · wall_segment Stone Wall x9 |
| 25:07 | Arsaavedra23 · wall_segment Stone Wall x12 |
| 25:35 | 魔幻蓝天 · age_up castle |
| 25:55 | Arsaavedra23 · first_building Monastery |
| 26:02 | adriel.fe1123 · wall_segment Stone Wall x4 |
| 26:07 | cihuncihome · wall_segment Stone Wall x1 |
| 26:17 | Viejo_Lobo_17 · age_up castle |
| 26:53 | NY-RADAMANTIZ · first_building Castle |
| 27:27 | 魔幻蓝天 · first_building Castle |
| 27:31 | adriel.fe1123 · wall_segment Stone Wall x10 |
| 27:53 | Arsaavedra23 · first_building Siege Workshop |
| 28:28 | adriel.fe1123 · wall_segment Stone Wall x7 |
| 29:23 | Arsaavedra23 · first_building Stable |
| 29:44 | NY-HENRY · first_building Monastery |
| 29:49 | adriel.fe1123 · wall_segment Stone Wall x14 |
| 30:09 | Arsaavedra23 · first_building Castle |
| 30:32 | NY-judyelpesao · first_building Castle |
| 30:35 | adriel.fe1123 · tribute_sent a jugador 1 |
| 30:35 | adriel.fe1123 · tribute_sent a jugador 2 |
| 30:35 | adriel.fe1123 · tribute_sent a jugador 3 |
| 30:35 | adriel.fe1123 · tribute_sent a jugador 4 |
| 30:35 | adriel.fe1123 · tribute_sent a jugador 5 |
| 30:35 | adriel.fe1123 · tribute_sent a jugador 6 |
| 30:35 | adriel.fe1123 · tribute_sent a jugador 7 |
| 31:50 | adriel.fe1123 · wall_segment Stone Wall x4 |
| 32:30 | adriel.fe1123 · wall_segment Stone Wall x5 |
| 32:42 | NY-HENRY · first_market_sell 100 stone |
| 34:05 | adriel.fe1123 · wall_segment Stone Wall x21 |
| 34:12 | NY-HENRY · first_building Castle |
| 34:46 | Viejo_Lobo_17 · first_building Castle |
| 35:28 | cihuncihome · first_building Monastery |
| 35:57 | NY-HENRY · age_up imperial |
| 36:00 | 魔幻蓝天 · wall_segment Stone Wall x13 |
| 36:06 | 魔幻蓝天 · wall_segment Stone Wall x1 |
| 36:17 | 魔幻蓝天 · wall_segment Stone Wall x11 |
| 38:47 | adriel.fe1123 · wall_segment Stone Wall x10 |
| 39:09 | NY-RADAMANTIZ · first_building Siege Workshop |
| 39:20 | cihuncihome · age_up imperial |
| 40:01 | cihuncihome · wall_segment Stone Wall x4 |
| 40:12 | adriel.fe1123 · first_building Stable |
| 40:49 | NY-judyelpesao · age_up imperial |
| 41:38 | adriel.fe1123 · age_up imperial |
| 42:21 | 魔幻蓝天 · wall_segment Stone Wall x26 |
| 42:23 | adriel.fe1123 · first_building Siege Workshop |
| 42:50 | 魔幻蓝天 · age_up imperial |
| 43:31 | Arsaavedra23 · first_market_sell 100 food |
| 44:22 | NY-judyelpesao · tribute_sent a jugador 1 |
| 44:22 | NY-judyelpesao · tribute_sent a jugador 3 |
| 44:22 | NY-judyelpesao · tribute_sent a jugador 4 |
| 44:22 | NY-judyelpesao · tribute_sent a jugador 5 |
| 44:22 | NY-judyelpesao · tribute_sent a jugador 6 |
| 44:22 | NY-judyelpesao · tribute_sent a jugador 7 |
| 44:22 | NY-judyelpesao · tribute_sent a jugador 8 |
| 44:45 | Viejo_Lobo_17 · age_up imperial |
| 44:47 | Arsaavedra23 · first_building Archery Range |
| 45:19 | cihuncihome · first_market_sell 500 wood |
| 45:52 | cihuncihome · first_building Castle |
| 46:34 | NY-RADAMANTIZ · first_market_sell 100 wood |
| 47:13 | adriel.fe1123 · first_building Castle |
| 49:54 | NY-RADAMANTIZ · age_up imperial |
| 49:58 | adriel.fe1123 · tribute_sent a jugador 1 |
| 49:58 | adriel.fe1123 · tribute_sent a jugador 2 |
| 49:58 | adriel.fe1123 · tribute_sent a jugador 3 |
| 49:58 | adriel.fe1123 · tribute_sent a jugador 4 |
| 49:58 | adriel.fe1123 · tribute_sent a jugador 5 |
| 49:58 | adriel.fe1123 · tribute_sent a jugador 6 |
| 49:58 | adriel.fe1123 · tribute_sent a jugador 7 |
| 49:59 | cihuncihome · wall_segment Stone Wall x16 |
| 50:13 | NY-judyelpesao · first_building Siege Workshop |
| 54:05 | Arsaavedra23 · wall_segment Stone Wall x3 |
| 57:28 | Arsaavedra23 · wall_segment Stone Wall x9 |
| 59:59 | adriel.fe1123 · resign |
| 60:54 | NY-judyelpesao · first_market_sell 100 stone |
[ AI ANALYSIS · 1 CREDIT ]
What really happened in this match?
Wolo.gg analyzes every decision: build order, eco, micro, common mistakes by bracket. Personalized analysis on WhatsApp or Discord in 30 seconds.
Civ guide
Persians
Map guide
African Clearing
Perfil
Jugador #21334061